 Dungeon Sprint DCSS version 0.19.5 (webtiles) character file.

1890 Mesmaeker13 the Grappler (level 8, -4/93 HPs)
             Began as a Troll Berserker on Apr 4, 2017.
             Was an Elder of Trog.
             Slain by a centaur warrior (8 damage)
             ... in the Dungeon (Sprint I: "Red Sonja").
             The game lasted 00:02:23 (683 turns).

Mesmaeker13 the Grappler (Troll Berserker)           Turns: 683, Time: 00:02:23

Health: -4/93      AC:  5    Str: 28    XL:     8   Next: 92%
Magic:  7/9        EV: 14    Int:  3    God:    Trog [****..]
Gold:   405        SH:  0    Dex:  9    Spells: 0 memorised, 7 levels left

rFire  . . .     SeeInvis .       - Unarmed
rCold  . . .     Gourm    +     a - +0 animal skin
rNeg   . . .     Faith    .     (no shield)
rPois  .         Spirit   .     (helmet restricted)
rElec  .         Reflect  .     (no cloak)
rCorr  .         Harm     .     (gloves unavailable)
MR     .....     NoTele   +     (boots unavailable)
Stlth  +.........               (no amulet)
                                (no ring)
                                (no ring)

@: exhausted, slowed, very slow
A: unfitting armour, claws 3, fast metabolism 3, gourmand, regeneration 1,
shaggy fur 1, tough skin 2
a: Berserk, Trog's Hand, Brothers in Arms, Burn Spellbooks, Renounce Religion


You were in the Dungeon.
You worshipped Trog.
Trog was greatly pleased with you.
You were very hungry.

You visited 1 branch You collected 405 gold pieces.

Inventory:

Armour
 a - a +0 animal skin (worn)
Wands
 i - a wand of flame (21/48)
Scrolls
 h - a scroll of blinking
Potions
 d - a potion of heal wounds
 e - a potion of haste
 f - 2 potions of magic
 g - a potion of berserk rage
Comestibles
 b - a bread ration


   Skills:
 + Level 9.9 Fighting
 + Level 9.9 Dodging
 + Level 11.7 Unarmed Combat
 + Level 2.9 Evocations


You had 7 spell levels left.
You didn't know any spells.

Dungeon Overview and Level Annotations

Branches:
Dungeon (1/1)

Altars:
Cheibriados
Dithmenos
Elyvilon
Fedhas
Gozag
Hepliaklqana
Kikubaaqudgha
Makhleb
Nemelex Xobeh
Okawaru
Qazlal
Ru
Sif Muna
Trog
Uskayaw
Vehumet
Xom
Yredelemnul
Zin
The Shining One
Jiyva
Lugonu

Shops:
D %


Innate Abilities, Weirdness & Mutations

You are too large for most types of armour.
You have claws for hands.
Your metabolism is lightning-fast.
You like to eat raw meat.
Your natural rate of healing is unusually fast.
You are covered in fur. (AC +1)
You have very tough skin. (AC +2)


Message History

Trog accepts your kill.
Your Evocations skill gained 2 levels and is now at level 2!
The centaur warrior completely misses you.
The centaur warrior barely misses you. The centaur warrior hits you!
* * * LOW HITPOINT WARNING * * *
The centaur warrior hits you.
* * * LOW HITPOINT WARNING * * *
Things that are here:
a shortbow; 22 arrows; a centaur corpse You mangle the centaur warrior!!
The centaur warrior is moderately wounded.
The centaur warrior hits you!
* * * LOW HITPOINT WARNING * * *
The centaur warrior hits you.
* * * LOW HITPOINT WARNING * * *
You mangle the centaur warrior!!
The centaur warrior is almost dead.
The centaur warrior hits you!
You die...

#######################
#..').#.)'..#__#..'...#
').#..'..#..'^.'..#.).#
#####'#####'#__####)..+
####..#...#(####§§#####
#__####..##)#≈§§§§#
#_____##'#..'≈§c@§+
#_.∩...'..._#≈§§.§#
#_..__##_.#'##+####
#_____###+#[# #######
###


You could see a centaur warrior.

Vanquished Creatures
  A centaur warrior (D)
  2 kobold demonologists (D)
  A slime creature (D)
  Sigmund (D)
  A yak (D)
  A floating eye (D)
  An ogre (D)
  A jelly (D)
  Ijyb (D)
10 creatures vanquished.

Notes
Turn   | Place    | Note
-------+----------+-------------------------------------------
     0 | D        | Mesmaeker13 the Troll Berserker began the quest for the Orb.
     0 | D        | Reached XP level 1. HP: 22/22 MP: 0/0
     1 | D        | Noticed Ijyb
     7 | D        | Killed Ijyb
     7 | D        | Reached skill level 4 in Unarmed Combat
     7 | D        | Reached XP level 2. HP: 19/31 MP: 1/1
   131 | D        | Noticed an ogre
   134 | D        | Killed an ogre
   134 | D        | Reached skill level 5 in Fighting
   134 | D        | Reached skill level 6 in Unarmed Combat
   134 | D        | Reached XP level 3. HP: 8/42 MP: 2/2
   134 | D        | Reached XP level 4. HP: 10/50 MP: 3/3
   213 | D        | Noticed Sigmund
   232 | D        | Killed Sigmund
   232 | D        | Reached ** piety under Trog
   232 | D        | Reached skill level 8 in Unarmed Combat
   232 | D        | Reached XP level 5. HP: 27/61 MP: 4/4
   232 | D        | Reached XP level 6. HP: 31/68 MP: 5/5
   311 | D        | Found a deep blue altar of Sif Muna.
   313 | D        | Found a radiant altar of Vehumet.
   336 | D        | Found Kiemuxup's Food Emporium.
   336 | D        | Found an ancient bone altar of Kikubaaqudgha.
   336 | D        | Found a hazy altar of Hepliaklqana.
   336 | D        | Found a stormy altar of Qazlal.
   336 | D        | Found a hide-covered altar of Uskayaw.
   336 | D        | Found a blossoming altar of Fedhas.
   336 | D        | Found a bloodstained altar of Trog.
   336 | D        | Found an iron altar of Okawaru.
   336 | D        | Found a basalt altar of Yredelemnul.
   336 | D        | Found a glowing golden altar of the Shining One.
   336 | D        | Found a snail-covered altar of Cheibriados.
   336 | D        | Found a sacrificial altar of Ru.
   336 | D        | Found a glowing silver altar of Zin.
   336 | D        | Found a shadowy altar of Dithmenos.
   336 | D        | Found a white marble altar of Elyvilon.
   336 | D        | Noticed a yak
   338 | D        | Killed a yak
   338 | D        | Reached skill level 9 in Unarmed Combat
   339 | D        | Found an opulent altar of Gozag.
   362 | D        | Found a sparkling altar of Nemelex Xobeh.
   379 | D        | Noticed a centaur warrior
   382 | D        | Found a viscous altar of Jiyva.
   382 | D        | Found a corrupted altar of Lugonu.
   382 | D        | Noticed a slime creature
   383 | D        | Found a burning altar of Makhleb.
   383 | D        | Found a shimmering altar of Xom.
   390 | D        | Killed a slime creature
   390 | D        | Reached *** piety under Trog
   390 | D        | Reached XP level 7. HP: 35/80 MP: 6/6
   475 | D        | Noticed a kobold demonologist
   477 | D        | Noticed an ice devil
   477 | D        | Noticed a kobold demonologist
   480 | D        | Noticed a chaos spawn
   481 | D        | Noticed a smoke demon
   481 | D        | Killed a kobold demonologist
   481 | D        | Reached skill level 10 in Unarmed Combat
   484 | D        | Paralysed by a floating eye for 3 turns
   489 | D        | Noticed a neqoxec
   490 | D        | Killed a kobold demonologist
   490 | D        | Reached XP level 8. HP: 21/92 MP: 7/7
   492 | D        | Paralysed by a floating eye for 2 turns
   494 | D        | Reached **** piety under Trog
   494 | D        | Reached skill level 11 in Unarmed Combat
   674 | D        | Noticed a centaur warrior
   680 | D        | Killed a centaur warrior
   682 | D        | HP: 4/93 [centaur warrior (2)]
   683 | D        | Slain by a centaur warrior

Skill      XL: |  1  2  3  4  5  6  7  8 |
---------------+-------------------------+-----
Fighting       | 3 5 6 8 9 |  9.9
Dodging        | 3 4 6 8 9 |  9.9
Unarmed Combat | 4 6 8 9 10 11 | 11.7
Evocations     | 2 |  2.9

Action                   |  1- 3 |  4- 6 |  7- 9 || total
-------------------------+-------+-------+-------++-------
Melee: Unarmed           |     7 |    14 |    16 ||    37
       Punch             |     1 |       |     2 ||     3
Invok: Berserk           |       |     1 |     2 ||     3
       Trog's Hand       |       |       |     1 ||     1
  Use: Potion            |       |       |     1 ||     1
  Eat: Chunk             |       |     1 |       ||     1
       Bread ration      |       |       |     1 ||     1
Armor: Animal skin       |     2 |     2 |     2 ||     6
Dodge: Dodged            |     2 |     2 |    13 ||    17
